 Dungeon Crawl Stone Soup version 0.29.1-15-g9cfb28693d (webtiles) character file.

Game seed: 13921278266759897008

90 DemonSlayer the Digger (level 4, -6/31 HPs)
             Began as a Demonspawn Earth Elementalist on Apr 20, 2023.
             Killed by divine providence
             ... invoked by an orc priest
              (13 damage)
             ... on level 3 of the Dungeon.
             The game lasted 00:03:22 (2964 turns).

DemonSlayer the Digger (DsEE)                       Turns: 2964, Time: 00:03:23

Health: -6/31      AC:  4    Str:  9    XL:     4   Next: 32%
Magic:  8/8        EV: 12    Int: 16    God:
Gold:   64         SH:  0    Dex: 15    Spells: 7/8 levels left

rFire   . . .      SeeInvis .   l - +0 dagger
rCold   . . .      Faith    .   (no shield)
rNeg    . . .      Spirit   .   a - +0 robe
rPois   .          Reflect  .   (no helmet)
rElec   .          Harm     .   (no cloak)
rCorr   .          Rampage  .   (no gloves)
Will    +....                   (no boots)
Stlth   ++........              (no amulet)
HPRegen 0.10/turn               c - ring of willpower
MPRegen 0.11/turn               (no ring)

@: mighty, hasted, very quick
A: claws 1, molten scales 1
a: no special abilities


You were on level 3 of the Dungeon.
You visited 1 branch of the dungeon, and saw 3 of its levels.

You collected 64 gold pieces.

Inventory:

Hand Weapons
 l - a +0 dagger (weapon)
Armour
 a - a +0 robe (worn)
Jewellery
 c - a ring of willpower (left claw)
Scrolls
 h - a scroll of teleportation {unknown}
 j - a scroll of summoning
Potions
 i - a potion of brilliance {unknown}


   Skills:
 + Level 0.6 Fighting
 + Level 0.8 Short Blades
 + Level 2.2 Dodging
 + Level 1.9 Stealth
 + Level 2.8 Spellcasting
 + Level 0.8 Transmutations
 + Level 3.6 Earth Magic


You had 7 spell levels left.
You knew the following spells:

 Your Spells              Type           Power      Damage    Failure   Level
a - Sandblast             Erth           26%        2d8       4%          1

Your spell library contained the following spells:

 Spells                   Type           Power      Damage    Failure   Level
 Passwall                 Tmut/Erth      7%         N/A       12%         2
 Apportation              Tloc           4%         N/A       19%         1
 Stone Arrow              Conj/Erth      16%        3d8       26%         3
 Gell's Gravitas          Tloc           2%         N/A       50%         3
 Lesser Beckoning         Tloc           2%         N/A       50%         3
 Teleport Other           Tloc           2%         N/A       50%         3
 Petrify                  Tmut/Erth      9%         N/A       58%         4
 Animate Armour           Summ/Erth      16%        N/A       65%         4
 Alistair's Intoxication  Tmut/Pois      2%         N/A       99%         5
 Lehudib's Crystal Spear  Conj/Erth      4%         10d3      100%        8


Dungeon Overview and Level Annotations

Branches:
Dungeon (3/15)

Altars:


Innate Abilities, Weirdness & Mutations

You have sharp fingernails.
You are partially covered in molten scales. (AC +2)


Message History

An orc priest is nearby!
An orc priest is nearby!
An orc priest is nearby!
An orc wizard and 2 orcs come into view.
Found 22 gold pieces.
The orc shouts! x2; The orc priest shouts!
The orc wizard shouts!
The orc wizard casts a spell.
The orc wizard flickers and vanishes!
Deactivating autopickup; reactivate with Ctrl-A.
A quokka comes into view.
The orc attacks as you move away! The orc hits you with a +0 falchion.
You see here an adder corpse.
The blast of sand hits the orc.
The orc is almost dead.
The orc hits you with a +0 falchion.
The blast of sand hits the orc!
You kill the orc!
The blast of sand hits the orc!
You kill the orc!
The blast of sand hits something!
Something barely misses you.
The blast of sand hits something.
The orc priest calls down the wrath of Beogh upon you.
Beogh smites you!
You hear some strange, mumbled words.
A magic dart appears from out of thin air!
The magic dart hits you.
* * * LOW HITPOINT WARNING * * *
You feel yourself speed up. Something hits you but does no damage.
Magic courses through your body. Something hits you but does no damage.
You feel very mighty all of a sudden.
You barely miss something. Something hits you.
* * * LOW HITPOINT WARNING * * *
You miss something.
You hear some strange, mumbled words.
Something tries to affect you, but you resist.
You closely miss something. You barely miss something.
The orc priest invokes the aid of Beogh against you.
Beogh smites you!
You die...

#.#.#.# #.
####.#.#.# #.
.....o.#.# #.
..$....#.######
########.
..............#
#........
.......#o####.#
#.######.
.#...$.#r# #.# #.#
## ###{###{# #.#
#.# # #.. #@# #.#
#.# # #. #.# #.#
#.### # # #.# #.#
#...# # #.# #.#
###.#####
#.####.###........
#..........#.#####
#.......#########.#
#####.... .. #.#
#.#.#####.###.#


You could see an orc priest and a quokka.

Vanquished Creatures
  3 adders
  5 dart slugs
  2 orcs (D:3)
  4 endoplasms
  4 giant cockroaches
  3 goblins
  4 hobgoblins
  4 jackals (D:1)
  A quokka (D:2)
  5 bats
  5 frilled lizards (D:1)
  6 kobolds
  4 rats
50 creatures vanquished.

Notes
Turn   | Place    | Note
-------+----------+-------------------------------------------
     0 | D:1      | DemonSlayer the Demonspawn Earth Elementalist began the
                  | quest for the Orb.
     0 | D:1      | Reached XP level 1. HP: 13/13 MP: 3/3
   395 | D:1      | Reached skill level 3 in Earth Magic
   455 | D:1      | Gained mutation: You have sharp fingernails. [demonic
                  | ancestry]
   455 | D:1      | Reached XP level 2. HP: 19/19 MP: 1/5
  1337 | D:1      | Reached XP level 3. HP: 15/24 MP: 0/6
  1543 | D:1      | Found a faded altar of an unknown god.
  2458 | D:2      | Gained mutation: You are partially covered in molten
                  | scales. (AC +2) [demonic ancestry]
  2458 | D:2      | Reached XP level 4. HP: 23/31 MP: 4/7
  2964 | D:3      | Killed from afar by an orc priest

Illustrated notes

Levels and vault maps discovered:
D:1:      lemuel_arrival_behind_the_door_small, layout_basic,
          dilly_ecumenical_altar_fadedgnrine
D:2:      layout_loops_cross, minmay_hexomino_p4
D:3:      layout_loops_ring, serial_shops, shop_fountains, uniq_terence

Skill      XL: |  1  2  3 |
---------------+----------+-----
Earth Magic    | 3 |  3.6
Dodging        | 2 |  2.2
Fighting       | |  0.6
Short Blades   | |  0.8
Stealth        | |  1.9
Spellcasting   | |  2.8
Transmutations | |  0.8

Action                   |  1- 3 |  4- 6 || total
-------------------------+-------+-------++-------
Melee: Short sword       |    53 |       ||    53
       Dagger            |       |     7 ||     7
 Cast: Sandblast         |    53 |    12 ||    65
  Use: Scroll            |       |     4 ||     4
       Potion            |       |     3 ||     3
 Stab: Sleeping          |       |     1 ||     1
Armor: Robe              |    17 |     7 ||    24
Dodge: Dodged            |    73 |     5 ||    78
